 Dungeon Crawl Stone Soup version 0.29-a0-319-gad05b8d819 (webtiles) character file.

Game seed: 6470186016739268708

1356 Flugslaktarn the Poker (level 8, -5/67 HPs)
             Began as a Palentonga Enchanter on Apr 2, 2022.
             Was an Initiate of Cheibriados.
             Slain by a wraith (8 damage)
             ... on level 5 of the Dungeon.
             The game lasted 00:22:31 (2073 turns).

Flugslaktarn the Poker (Palentonga Enchanter)       Turns: 2073, Time: 00:22:32

Health: -5/67      AC: 13    Str: 13    XL:     8   Next: 37%
Magic:  11/11      EV:  8    Int: 18    God:    Cheibriados [......]
Gold:   239        SH:  7    Dex: 12    Spells: 10/11 levels left

rFire   . . .      SeeInvis +   p - +2 trident (vorpal)
rCold   . . .      Faith    .   y - +0 kite shield
rNeg    + . .      Spirit   .   b - +0 robe
rPois   .          Reflect  .   g - +0 helmet
rElec   .          Harm     .   (no cloak)
rCorr   .          Rampage  .   h - +0 pair of gloves
Will    .....                   (no barding)
Stlth   ++........              (no amulet)
HPRegen 0.21/turn               l - ring of wizardry
MPRegen 0.12/turn               m - ring of positive energy

@: slowed, invisible, curled up, very slow
A: large, rugged brown scales 3, see invisible, deformed body, roll 1, armoured
tail, reflexive curl
a: Rolling Charge, Renounce Religion


You were on level 5 of the Dungeon.
You worshipped Cheibriados.
Cheibriados was noncommittal.
You visited 2 branches of the dungeon, and saw 7 of its levels.

You collected 239 gold pieces.

Inventory:

Hand Weapons
 a - a +1 dagger
 e - a +3 hand axe of freezing
   (You found it on level 1 of the Dungeon)
 p - a +2 vorpal trident (weapon)
   (You found it on level 3 of the Dungeon)
Missiles
 s - 2 throwing nets
 v - 6 boomerangs (quivered)
 x - 13 stones
Armour
 b - a +0 robe (worn)
 g - a +0 helmet (worn)
   (You found it on level 1 of the Dungeon)
 h - a +0 pair of gloves (worn)
   (You found it on level 4 of the Dungeon)
 y - a +0 kite shield (worn)
   (You found it on level 4 of the Dungeon)
Jewellery
 l - a ring of wizardry (left hand)
   (You found it on level 2 of the Dungeon)
 m - a ring of positive energy (right hand)
   (You found it on level 2 of the Dungeon)
 A - a ring of flight
   (You took it off a hobgoblin on level 4 of the Dungeon)
Wands
 C - a wand of flame (13)
   (You found it on level 5 of the Dungeon)
Scrolls
 i - a scroll of brand weapon
 j - a scroll of fear {unknown}
 k - a scroll of immolation {unknown}
 r - a scroll of vulnerability {unknown}
 t - a scroll of teleportation
 u - a scroll of enchant weapon {unknown}
 z - a scroll of holy word {unknown}
 B - a scroll of noise {unknown}
Potions
 d - a potion of flight
 n - a potion of might {unknown}
 o - a potion of lignification {unknown}
 q - a potion of curing


   Skills:
 + Level 5.4 Fighting
 - Level 1.0 Short Blades
 - Level 2.0(4.5) Axes
 - Level 5.8(6.0) Polearms
 - Level 1.5 Dodging
 - Level 2.0 Stealth
 + Level 1.4 Shields
 - Level 2.0 Spellcasting
 - Level 3.0 Hexes
 - Level 4.0 Earth Magic


You had 10 spell levels left.
You knew the following spells:

 Your Spells              Type           Power      Damage    Failure   Level
a - Sandblast             Erth           32%        2d9       3%          1

Your spell library contained the following spells:

 Spells                   Type           Power      Damage    Failure   Level
 Passwall                 Tmut/Erth      7%         N/A       12%         2
 Ensorcelled Hibernation  Hex/Ice        14%        N/A       16%         2
 Confusing Touch          Hex            12%        N/A       16%         3
 Tukima's Dance           Hex            12%        N/A       16%         3
 Pain                     Necr           4%         1d4       17%         1
 Sting                    Tmut/Pois      4%         1d3       17%         1
 Stone Arrow              Conj/Erth      18%        3d8       24%         3
 Poisonous Vapours        Pois/Air       2%         N/A       26%         2
 Dazzling Flash           Conj/Hex       14%        N/A       28%         3
 Fulminant Prism          Conj/Hex       3%         3d6       65%         4
 Lee's Rapid Deconstruct  Erth           8%         3d8*      65%         5
 Iskenderun's Mystic Bla  Conj/Tloc      1%         2d3       85%         4
 Olgreb's Toxic Radiance  Pois           1%         N/A       85%         4
 Agony                    Necr           1%         N/A       99%         5
 Excruciating Wounds      Necr           0%         N/A       99%         5
 Dispersal                Tloc           0%         N/A       100%        6
 Disjunction              Tloc           0%         N/A       100%        8


Dungeon Overview and Level Annotations

Branches:
Dungeon (6/15)             Temple (1/1) D:5

Altars:
Ashenzari
Cheibriados
Dithmenos
Elyvilon
Fedhas
Gozag
Hepliaklqana
Kikubaaqudgha
Makhleb
Nemelex Xobeh
Okawaru
Qazlal
Ru
Sif Muna
Trog
Uskayaw
Vehumet
Wu Jian
Xom
Yredelemnul
Zin
The Shining One

Shops:
D:3 (


Innate Abilities, Weirdness & Mutations

You are completely covered in rugged brown scales. (AC +3, +7% HP)
You have supernaturally acute eyesight. (SInv)
Armour fits poorly on your strangely shaped body.
You can roll at nearby foes to attack.
You have a long armoured tail.
You curl defensively after being hit. (AC +7*)


Message History

You puncture the orc wizard!
Your tail-slap misses the orc wizard.
The orc wizard is severely wounded.
You block the orc's attack.
The orc wizard hits you but does no damage.
You block the orc's attack.
You completely miss the orc wizard.
Your tail-slap misses the orc wizard.
The orc wizard is severely wounded.
The orc closely misses you. You block the orc's attack.
The orc wizard casts a spell at you.
You are confused.
You miss the orc wizard.
The orc wizard is severely wounded.
The orc hits you but does no damage. The orc hits you with a +0 dagger.
The orc wizard hits you but does no damage.
You hit the orc wizard.
You kill the orc wizard!
Cheibriados appreciates the change of pace.
The orc hits you but does no damage. The orc completely misses you.
You're too confused to move!
The orc completely misses you. The orc hits you but does no damage.
The orc attacks as you move away! The orc hits you with a +0 dagger.
The orc hits you with a +0 short sword. The orc hits you but does no damage. x2
You are too confused!
You are too confused!
The orc attacks as you move away! The orc hits you but does no damage.
You feel less confused. The orc hits you with a +0 dagger.
You hit the orc.
The orc is moderately wounded.
The orc hits you but does no damage. The orc hits you with a +0 short sword.
You hit the orc.
The orc is heavily wounded.
The orc hits you with a +0 dagger. You block the orc's attack.
You hit the orc.
You kill the orc!
Cheibriados thoroughly appreciates the change of pace.
The orc hits you but does no damage.
You closely miss the orc. You block the orc's attack.
The orc hits you with a +0 dagger.
You hit the orc.
The orc is heavily wounded.
The orc barely misses you.
You puncture the orc!
You kill the orc!
Cheibriados appreciates the change of pace.
There is a stone staircase leading down, spattered with blood here.
You see here a +0 dagger.
You climb downwards.
The orc hits you with a +0 hand axe. The wraith hits you.
The wraith drains your vigour!
You feel yourself slow down.
There is a stone staircase leading up, spattered with blood here.
The wraith hits you. The wraith drains your vigour!
You feel as though you will be slow longer.
The orc hits you with a +0 hand axe. You block the orc's attack.
You block the wraith's attack.
You climb upwards.
There is a stone staircase leading down, spattered with blood here.
You see here a +0 dagger.
You hit the wraith but do no damage. The wraith hits you!
* * * LOW HITPOINT WARNING * * *
The wraith drains your vigour!
You feel as though you will be slow longer.
The orc hits you but does no damage.
Okay, then.
You feel much better. The orc barely misses you. The wraith hits you.
The wraith hits you but does no damage. The orc hits you but does no damage.
Okay, then.
Okay, then.
Unknown command.
Unknown command.
You fade into invisibility!
The orc hits you but does no damage. The wraith closely misses you.
You catch the helpless orc completely off-guard!
You hit the orc.
The orc is severely wounded.
The orc barely misses you. The wraith hits you! x2
* * * LOW HITPOINT WARNING * * *
The orc hits you with a +0 hand axe.
* * * LOW HITPOINT WARNING * * *
You puncture the orc!
You kill the orc!
Cheibriados thoroughly appreciates the change of pace.
You block the wraith's attack. The wraith hits you.
* * * LOW HITPOINT WARNING * * *
You hit the wraith but do no damage.
Your tail-slap misses the wraith.
The wraith hits you but does no damage. x2
You hit the wraith but do no damage. The wraith barely misses you.
You hit the wraith but do no damage.
You tail-slap the wraith, but do no damage.
The wraith hits you!
* * * LOW HITPOINT WARNING * * *
The wraith drains your vigour!
You feel as though you will be slow longer.
The wraith hits you but does no damage.
Unknown command.
As you read the scroll labelled LAUMIYTHR ZIEBU, it crumbles to dust.
It is a scroll of identify.
h - a scroll of teleportation;
t - a scroll of teleportation
h - a +0 pair of gloves (worn)
The wraith hits you but does no damage. The wraith hits you!
You die...

######### #.......#
#.......# #.......#
#...W.[.####### #####
#...)@......... .....
###.)...##############
#...............)...
#.....#######....###
#.....# #.......
#.....# #.......
#.....# #.......
#.....# #.......
#####.# #####...


You could see a wraith.

Vanquished Creatures
  Sigmund (D:3)
  Eustachio (D:4)
  Duvessa (D:4)
  A sky beast (D:5)
  An ice beast (D:5)
  A necrophage (D:5)
  2 scorpions (D:5)
  Dowan (D:4)
  A howler monkey (D:4)
  2 hounds (D:5)
  A gnoll shaman (D:5)
  5 orc wizards
  Robin (D:4)
  11 gnolls
  6 adders
  3 dart slugs
  28 orcs
  3 ball pythons
  6 endoplasms
  12 goblins
  7 hobgoblins
  3 quokkas
  2 bats (D:1)
  A frilled lizard (D:2)
  7 kobolds
  8 rats
116 creatures vanquished.

Notes
Turn   | Place    | Note
-------+----------+-------------------------------------------
     0 | D:1      | Flugslaktarn the Palentonga Enchanter began the quest for
                  | the Orb.
     0 | D:1      | Reached XP level 1. HP: 13/13 MP: 3/3
    61 | D:1      | Reached skill level 1 in Fighting
   108 | D:1      | Reached XP level 2. HP: 13/22 MP: 5/5
   187 | D:1      | Reached skill level 1 in Axes
   385 | D:2      | Learned a level 1 spell: Sandblast
   452 | D:2      | Found a faded altar of an unknown god.
   470 | D:2      | Reached XP level 3. HP: 25/28 MP: 6/6
   606 | D:3      | Noticed Sigmund
   612 | D:3      | Killed Sigmund
   613 | D:3      | Reached skill level 1 in Earth Magic
   613 | D:3      | Reached XP level 4. HP: 35/37 MP: 7/7
   613 | D:3      | Reached XP level 5. HP: 40/43 MP: 8/8
   640 | D:3      | Found Vizecuurch's Antique Weapon Boutique.
   732 | D:4      | Found a stormy altar of Qazlal.
   756 | D:4      | Reached XP level 6. HP: 46/51 MP: 9/9
  1022 | D:4      | Noticed Eustachio
  1175 | D:4      | Noticed Duvessa
  1175 | D:4      | Noticed Dowan
  1177 | D:4      | Noticed Robin
  1218 | D:4      | Killed Eustachio
  1219 | D:4      | Gained mutation: You curl defensively after being hit. (AC
                  | +7*) [Palentonga growth]
  1219 | D:4      | Reached XP level 7. HP: 13/57 MP: 10/10
  1357 | D:4      | Killed Duvessa
  1361 | D:4      | Killed Dowan
  1372 | D:4      | Killed Robin
  1536 | D:5      | Entered Level 5 of the Dungeon
  1593 | D:5      | Reached skill level 5 in Fighting
  1664 | D:5      | Reached skill level 5 in Polearms
  1664 | D:5      | Reached XP level 8. HP: 19/66 MP: 5/11
  1686 | D:5      | Found a staircase to the Ecumenical Temple.
  1695 | Temple   | Entered the Ecumenical Temple
  1811 | Temple   | Became a worshipper of Cheibriados the Contemplative
  1936 | D:5      | Reached skill level 1 in Shields
  2072 | D:5      | HP: 3/67 [wraith (7)]
  2073 | D:5      | Slain by a wraith

Illustrated notes

Levels and vault maps discovered:
D:1:      minmay_arrival_stone_box, layout_rooms, dreamdust_mushroom_princess,
          minmay_cut_off
D:2:      layout_basic, shapermc_ecumenical_altar_pompeii,
          chequers_serial_rivers_small_b
D:3:      layout_basic, serial_shops, shop, nicolae_shop_trees, uniq_sigmund
D:4:      layout_cave_pools, nicolae_qazlal_general_emergency, uniq_duvessa,
          uniq_eustachio, uniq_robin
D:5:      layout_basic, minmay_temple_entry_junction_2
D:6:      layout_rooms
Temple:   mainiacjoe_temple_circle_huts

Skill      XL: |  1  2  3  4  5  6  7  8 |
---------------+-------------------------+-----
Fighting       | 1 2 3 4 5 |  5.4
Axes           | 1 2 |  2.0
Earth Magic    | 1 2 4 |  4.0
Polearms       | 2 3 5 |  5.8
Shields        | 1 |  1.4
Short Blades   | |  1.0
Dodging        | |  1.5
Stealth        | |  2.0
Spellcasting   | |  2.0
Hexes          | |  3.0

Action                   |  1- 3 |  4- 6 |  7- 9 || total
-------------------------+-------+-------+-------++-------
Melee: Dagger            |    13 |       |       ||    13
       Hand axe          |    55 |       |       ||    55
       Tailslap          |     5 |    12 |    11 ||    28
       Trident           |       |    95 |   127 ||   222
       Punch             |       |     3 |     2 ||     5
Throw: Boomerang         |       |     1 |     6 ||     7
 Cast: Sandblast         |       |     5 |    34 ||    39
 Abil: Rolling Charge    |    17 |     8 |    16 ||    41
Evoke: Wand              |       |     2 |     3 ||     5
  Use: Potion            |     1 |     4 |     3 ||     8
       Scroll            |       |       |     2 ||     2
 Stab: Sleeping          |     1 |       |       ||     1
       Invisible         |     2 |       |     2 ||     4
       Distracted        |       |     1 |       ||     1
Armor: Robe              |    17 |    72 |    68 ||   157
Dodge: Dodged            |    25 |    79 |    61 ||   165
Block: Kite shield       |       |       |    24 ||    24

Table legend: (Time is in decaauts)
 A = Elapsed time spent in this place.
 B = Non-inter-level travel time spent in this place.
 C = Inter-level travel time spent in this place.
 D = Time resting spent in this place.
 E = Time spent auto-exploring this place.
 F = Levels seen in this place.
 G = Mean time per level.
                   A        B        C        D        E       F      G
               +--------+--------+--------+--------+--------+-----+--------+
         Total |   2180 |   2044 |    136 |      0 |      0 |   7 |  311.4 |
       Dungeon |   2036 |   1900 |    136 |      0 |      0 |   6 |  339.3 |
        Temple |    144 |    144 |      0 |      0 |      0 |   1 |  144.0 |
               +--------+--------+--------+--------+--------+-----+--------+

Top non-repeatable levels by time:
     D:3: 512 daAuts
     D:4: 446 daAuts
     D:5: 422 daAuts
     D:1: 345 daAuts
     D:2: 272 daAuts
  Temple: 144 daAuts
     D:6: 37 daAuts
